 Dungeon Crawl Stone Soup version 0.24.0-1-gfbc8707 (webtiles) character file.

Game seed: 2776296509325178773, levelgen mode: deterministic

10426 Fang the Fighter (level 11, -3/111 HPs)
             Began as a Gargoyle Berserker on Oct 28, 2019.
             Was a High Priest of Trog.
             Slain by an 11-headed hydra (5 damage)
             ... on level 11 of the Dungeon.
             The game lasted 00:16:27 (10612 turns).

Fang the Fighter (Gargoyle Berserker)              Turns: 10612, Time: 00:16:27

Health: -3/111     AC: 29    Str: 30    XL:     11   Next: 61%
Magic:  11/11      EV: 10    Int:  7    God:    Trog [*****.]
Gold:   850        SH:  0    Dex:  9    Spells: 10/10 levels left

rFire    . . .     SeeInvis .   k - +2 executioner's axe (drain)
rCold    . . .     Gourm    +   (shield currently unavailable)
rNeg     + . .     Faith    .   b - +0 plate armour
rPois    ∞         Spirit   .   (no helmet)
rElec    +         Reflect  .   u - +2 cloak {+Inv}
rCorr    .         Harm     .   (no gloves)
MR       +....                  (no boots)
Stlth    ..........             n - amulet of the gourmand
HPRegen  0.28/turn              A - ring of protection from magic
MPRegen  0.12/turn              i - +4 ring of protection

@: berserking, very quick
A: negative energy resistance 1, electricity resistance, unbreathing,
petrification resistance, rot immunity, AC +8
a: Berserk, Trog's Hand, Brothers in Arms, Renounce Religion, Evoke Invisibility


You were on level 11 of the Dungeon.
You worshipped Trog.
Trog was extremely pleased with you.
You were very full.

You visited 2 branches of the dungeon, and saw 12 of its levels.
You also visited: Ossuary.

You collected 850 gold pieces.

Inventory:

Hand Weapons
 a - a +3 vampiric battleaxe
 k - a +2 executioner's axe of draining (weapon)
 m - a +4 war axe of electrocution
 D - a +4 battleaxe of chopping
Armour
 b - a +0 plate armour (worn)
 l - a scarf of repulsion
 u - a +2 cloak of invisibility (worn)
Jewellery
 i - a +4 ring of protection (right hand)
 n - an amulet of the gourmand (around neck)
 A - a ring of protection from magic (left hand)
 G - a +4 ring of intelligence
Wands
 q - a wand of flame (13)
 r - a wand of random effects (22)
 y - a wand of scattershot (1)
 H - a wand of iceblast (10)
Scrolls
 e - 11 scrolls of remove curse
 h - 8 scrolls of teleportation
 o - 2 scrolls of magic mapping
 z - 2 scrolls of identify
 C - a scroll of fear
Potions
 d - a potion of haste {unknown}
 f - a potion of brilliance {unknown}
 g - 8 potions of might
 j - 3 potions of agility {unknown}
 p - 2 potions of ambrosia
 s - 8 potions of curing
 t - 3 potions of heal wounds
 v - a potion of resistance
 x - a potion of mutation {unknown}
 B - 2 potions of invisibility {unknown}
 E - a potion of flight {unknown}
 F - a potion of degeneration {unknown}
Comestibles
 c - 13 rations
 w - 14 chunks of flesh


   Skills:
 * Level 11.3 Fighting
 * Level 9.7 Axes
 + Level 8.9 Armour
 + Level 6.8 Dodging


You had 10 spell levels left.
You didn't know any spells.
Your spell library was empty.

Dungeon Overview and Level Annotations

Branches:
Dungeon (11/15)            Temple (1/1) D:4            Lair (0/6) D:8
    Orc (0/2) D:10        Ossuary (visited)

Altars:
Ashenzari
Cheibriados
Elyvilon
Fedhas
Makhleb
Ru
Trog
Uskayaw
Vehumet
Wu Jian
Xom
Zin
The Shining One

Shops:
D:5 ?   D:10 (%


Innate Abilities, Weirdness & Mutations

You are resistant to torment.
Your stone body is resilient. (AC +8)
You are immune to poison.
You resist negative energy. (rN+)
You are resistant to electric shocks. (rElec)
You can survive without breathing.
You are immune to petrification.
You are immune to rotting.


Message History

The ten-headed hydra bites you but does no damage.
The ten-headed hydra closely misses you.
The ten-headed hydra bites you.
* * * LOW HITPOINT WARNING * * *
The ten-headed hydra bites you but does no damage. x2
The crimson imp hits you but does no damage.
You lop one of the ten-headed hydra's heads off!
The nine-headed hydra grows two more!
You slash the 11-headed hydra! You drain the 11-headed hydra.
The 11-headed hydra is severely wounded.
You hit the crimson imp.
The 11-headed hydra bites you but does no damage. x3
The 11-headed hydra bites you.
* * * LOW HITPOINT WARNING * * *
The 11-headed hydra bites you but does no damage.
The 11-headed hydra bites you.
* * * LOW HITPOINT WARNING * * *
The 11-headed hydra bites you but does no damage. x4
The 11-headed hydra bites you.
You die...

###### #######
##.....## ##.....##
##.......###.......##
#.........#.........#
##)........#.........#
....!......#.........#
...........#.........#
......D....#.........#
......5@............##
...........#.........#
...........#....(....#
##.[.......#..........#
...........#..........#
............$.........
..........#.........#
....................
....#####.....


You could see a 11-headed hydra and a crimson imp.

Vanquished Creatures
  Harold (D:7)
  2 two-headed ogres
  Urug (D:10)
  An unseen horror (D:10)
  2 trolls
  8 yaks (D:10)
  A hungry ghost (D:7)
  A water moccasin (D:9)
  Duvessa (D:5)
  A sky beast (D:6)
  5 orc warriors
  3 ice beasts
  A necrophage (D:7)
  4 ogres
  5 centaurs
  An elf zombie (Ossuary)
  Blork the orc (D:6)
  6 bullfrogs
  A big kobold (D:8)
  Dowan (D:5)
  2 scorpions
  19 killer bees
  3 wights (D:9)
  An electric eel (D:7)
  5 howler monkeys
  10 crimson imps
  A centaur zombie (Ossuary)
  A human zombie (Ossuary)
  6 hounds
  9 orc wizards
  A bullfrog skeleton (D:6)
  6 orc priests
  Crazy Yiuf (D:3)
  2 centaur skeletons
  3 jellies (D:10)
  3 iguanas
  Ijyb (D:3)
  6 worker ants
  A big kobold zombie (Ossuary)
  2 mummies (Ossuary)
  A hound skeleton (D:5)
  2 worker ant zombies
  4 gnolls (D:7)
  17 adders
  2 shadow imps
  2 oozes (D:2)
  4 adder zombies (Ossuary)
  An adder skeleton (D:7)
  3 worms
  2 dart slugs
  11 leopard geckos
  45 orcs
  7 giant cockroaches
  7 goblins
  6 hobgoblins
  4 jackals
  4 quokkas
  A ball python zombie (D:5)
  6 bats
  7 frilled lizards
  A giant cockroach zombie (D:4)
  A goblin zombie (Ossuary)
  8 hobgoblin zombies (Ossuary)
  A jackal skeleton (D:9)
  A jackal zombie (Ossuary)
  20 kobolds
  9 kobold zombies (Ossuary)
  A leopard gecko skeleton (D:9)
  10 orc zombies (Ossuary)
  A quokka skeleton (D:5)
  9 rats
328 creatures vanquished.

Notes
Turn   | Place    | Note
-------+----------+-------------------------------------------
     0 | D:1      | Fang the Gargoyle Berserker began the quest for the Orb.
     0 | D:1      | Reached XP level 1. HP: 14/14 MP: 1/1
   121 | D:1      | Reached XP level 2. HP: 19/19 MP: 2/2
   878 | D:2      | Reached XP level 3. HP: 20/23 MP: 3/3
   891 | D:2      | Reached XP level 4. HP: 29/29 MP: 4/4
   894 | D:2      | Reached ** piety under Trog
   897 | D:2      | Reached skill level 4 in Fighting
  1035 | D:2      | Reached XP level 5. HP: 26/33 MP: 5/5
  1297 | D:2      | Found a shattered altar of Ashenzari.
  2103 | D:3      | Reached XP level 6. HP: 17/39 MP: 6/6
  2347 | D:3      | Found a radiant altar of Vehumet.
  2373 | D:3      | Noticed Ijyb
  2375 | D:3      | Found a hide-covered altar of Uskayaw.
  2387 | D:3      | Killed Ijyb
  2387 | D:3      | Reached *** piety under Trog
  2555 | D:3      | Found a runed translucent door.
  2556 | D:3      | Noticed Crazy Yiuf
  2605 | D:3      | Found a sacrificial altar of Ru.
  2707 | D:3      | Found a bloodstained altar of Trog.
  2770 | D:3      | Killed Crazy Yiuf
  3122 | D:4      | Reached skill level 5 in Fighting
  3122 | D:4      | Reached XP level 7. HP: 44/44 MP: 7/7
  3367 | D:4      | Found a staircase to the Ecumenical Temple.
  3869 | D:4      | Found a burning altar of Makhleb.
  3880 | Temple   | Entered the Ecumenical Temple
  3928 | D:5      | Entered Level 5 of the Dungeon
  4020 | D:5      | Noticed Duvessa
  4021 | D:5      | Noticed Dowan
  4041 | D:5      | Killed Duvessa
  4043 | D:5      | Killed Dowan
  4043 | D:5      | Reached skill level 5 in Armour
  4232 | D:5      | Reached **** piety under Trog
  4326 | D:5      | Reached XP level 8. HP: 49/51 MP: 8/8
  4359 | D:5      | Found a white marble altar of Elyvilon.
  4743 | D:5      | Reached skill level 5 in Axes
  4761 | D:5      | Found Muevvod's Magic Scroll Emporium.
  4873 | D:5      | Reached skill level 6 in Fighting
  5200 | D:6      | Noticed Blork the orc
  5219 | D:6      | Killed Blork the orc
  5421 | D:6      | Found a sand-covered staircase.
  5427 | Ossuary  | Entered an ossuary
  6157 | D:6      | Reached skill level 7 in Fighting
  6157 | D:6      | Reached XP level 9. HP: 35/57 MP: 9/9
  6679 | D:7      | Reached ***** piety under Trog
  6724 | D:7      | Noticed Harold
  6742 | D:7      | Killed Harold
  6742 | D:7      | Reached skill level 8 in Fighting
  6742 | D:7      | Reached skill level 5 in Dodging
  7088 | D:7      | Reached XP level 10. HP: 53/65 MP: 10/10
  7088 | D:7      | Paralysed by fainting for 7 turns
  7300 | D:7      | Reached skill level 9 in Fighting
  7611 | D:8      | Found a staircase to the Lair.
  7885 | D:8      | Found an iron altar of Okawaru.
  7887 | D:8      | Found a glowing golden altar of the Shining One.
  7887 | D:8      | Found a shimmering altar of Xom.
  7889 | D:8      | Found a snail-covered altar of Cheibriados.
  7889 | D:8      | Found a snail-covered altar of Cheibriados.
  7889 | D:8      | Found an ornate altar of the Wu Jian Council.
  8273 | D:8      | Found a glowing silver altar of Zin.
  8273 | D:8      | Found a sacrificial altar of Ru.
  8341 | D:9      | Noticed a two-headed ogre
  8352 | D:9      | Killed a two-headed ogre
  8863 | D:9      | Reached skill level 10 in Fighting
  9142 | D:9      | Found a blossoming altar of Fedhas.
  9362 | D:10     | Entered Level 10 of the Dungeon
  9522 | D:10     | Noticed a two-headed ogre
  9533 | D:10     | Killed a two-headed ogre
  9533 | D:10     | Reached XP level 11. HP: 73/73 MP: 11/11
  9612 | D:10     | Identified 3 scrolls of acquirement
  9699 | D:10     | Received a gift from Trog
  9751 | D:10     | Killed an unseen horror
  9971 | D:10     | Found Epusku's Weapon Shoppe.
  9971 | D:10     | Found a staircase to the Orcish Mines.
  9971 | D:10     | Noticed Urug
  9977 | D:10     | Reached skill level 11 in Fighting
  9985 | D:10     | Killed Urug
 10462 | D:10     | Found Idewiuk's Food Shoppe.
 10599 | D:11     | Noticed a five-headed hydra
 10612 | D:11     | HP: 4/111 [11-headed hydra (2)]
 10612 | D:11     | Slain by an 11-headed hydra

Levels and vault maps discovered:
D:1:      lightli_arrival_isolated_outpost, layout_loops_ring
D:2:      layout_basic, nicolae_overflow_crystal_walls, minmay_hexomino_c4
D:3:      layout_rooms, lemuel_round_altar, lemuel_round_altar, bloody_trog,
          first_ration, nicolae_ru_sacrificial_ziggurat, uniq_ijyb,
          uniq_crazy_yiuf_cottage
D:4:      layout_loops_ring, minmay_temple_entry_glass, makhleb_heckhound_becter
D:5:      layout_gridville, lemuel_doored_altar, serial_shops,
          nicolae_shop_behind_doors, uniq_duvessa
D:6:      layout_basic, nicolae_ossuary_entry_plus, uniq_blork_the_orc
D:7:      layout_cave_pools, minivault_4, uniq_harold
D:8:      layout_loops_ring, doesnt_xom_only_xom,
          gammafunk_temple_overflow_pools, lair_entry_dummy
D:9:      layout_grid_maze, fedhas_altar_2
D:10:     layout_roguey, orc_david_3, serial_shops, shop, uniq_urug
D:11:     layout_rooms, nicolae_trove_entry_crystal, uniq_josephine
Temple:   nicolae_temple_god_jail

Skill      XL: |  1  2  3  4  5  6  7  8  9 10 11 |
---------------+----------------------------------+-----
Axes           | 3 4 5 7 9 |  9.7
Dodging        | 2 3 4 5 6 |  6.8
Armour         | 3 4 5 6 7 8 |  8.9
Fighting       | 4 5 7 8 10 11 | 11.3

Action                   |  1- 3 |  4- 6 |  7- 9 | 10-12 || total
-------------------------+-------+-------+-------+-------++-------
Melee: Hand axe          |    67 |   238 |   824 |     7 ||  1136
       Battleaxe         |       |       |       |   187 ||   187
       Executioner's axe |       |       |       |   152 ||   152
Invok: Berserk           |     1 |     3 |     8 |     5 ||    17
       Trog's Hand       |       |     1 |     4 |       ||     5
  Use: Scroll            |       |       |       |    20 ||    20
 Stab: Sleeping          |     1 |     1 |       |       ||     2
  Eat: Chunk             |       |    10 |    19 |    24 ||    53
       Ration            |       |       |     3 |     2 ||     5
Armor: Animal skin       |    22 |    92 |    49 |       ||   163
       Chain mail        |       |       |   452 |       ||   452
       Plate armour      |       |       |       |   514 ||   514
Dodge: Dodged            |    54 |   160 |   453 |   307 ||   974
       Deflected         |       |     4 |       |       ||     4
